 Dungeon Crawl Stone Soup version 0.30.0-19-g36f170ea60 (console) character file.

Game seed: 8920942140691140558

4803 ifreund the Destroyer (level 10, -4/64 HPs)
             Began as a Tengu Conjurer on May 28, 2023.
             Was a Believer of Vehumet.
             Killed from afar by Erica (38 damage)
             ... with a bolt of poison
             ... on level 9 of the Dungeon.
             The game lasted 00:40:16 (11374 turns).

ifreund the Destroyer (Tengu Conjurer)             Turns: 11374, Time: 00:40:17

Health: -4/64      AC:  3    Str:  8    XL:     10   Next: 48%
Magic:  0/18       EV: 20    Int: 23    God:    Vehumet [**....]
Gold:   521        SH:  0    Dex: 18    Spells: 8/19 levels left

rFire   + . .        k - +4 short sword (freeze)
rCold   . . .        (no shield)
rNeg    . . .        L - +1 robe {Will+}
rPois   .            (helmet restricted)
rElec   .            (no cloak)
rCorr   .            (no gloves)
SInv    .            (boots unavailable)
Will    +....        e - amulet of the acrobat
Stlth   ++           u - ring of protection from fire
HPRegen 0.30/turn    x - +6 ring of dexterity
MPRegen 0.16/turn

%: acrobat
@: lethally poisoned (-4 -> -15), flying quickly and evasively, quick
A: beak, talons 3, nimble flight
a: Renounce Religion


You were on level 9 of the Dungeon.
You worshipped Vehumet.
Vehumet was pleased with you.
You visited 2 branches of the dungeon, and saw 10 of its levels.

You collected 541 gold pieces.
You spent 20 gold pieces at shops.

Inventory:

Hand Weapons
 k - a +4 short sword of freezing (weapon)
Missiles
 a - a curare-tipped dart
 m - 14 poisoned darts
Armour
 C - +0 steam dragon scales
 I - a +2 robe of fire resistance
 K - a +0 troll leather armour
 L - a +1 robe of willpower (worn)
Jewellery
 e - an amulet of the acrobat (around neck)
 u - a ring of protection from fire (left hand)
 x - a +6 ring of dexterity (right hand)
 A - a ring of see invisible
Wands
 E - a wand of flame (35)
 H - a wand of mindburst (19)
 J - a wand of iceblast (5)
Scrolls
 f - 2 scrolls of fog
 g - a scroll of enchant armour
 i - a scroll of poison
 l - a scroll of acquirement
 o - 3 scrolls of blinking
 q - 5 scrolls of fear
 r - a scroll of noise
 v - 2 scrolls of immolation
 w - a scroll of silence
 y - 2 scrolls of teleportation
 D - 2 scrolls of torment
 F - 2 scrolls of magic mapping
Potions
 b - 2 potions of magic
 c - a potion of flight {unknown}
 d - 3 potions of might {unknown}
 h - 2 potions of resistance {unknown}
 j - 7 potions of curing {unknown}
 n - 4 potions of attraction {unknown}
 p - 3 potions of brilliance
 s - a potion of lignification {unknown}
 t - a potion of cancellation {unknown}
 z - 3 potions of haste {unknown}
 B - a potion of ambrosia {unknown}
 G - a potion of degeneration {unknown}


   Skills:
 - Level 8.0 Fighting
 - Level 8.0 Dodging
 - Level 2.0 Stealth
 - Level 5.0 Spellcasting
 - Level 10.0 Conjurations
 - Level 2.0 Hexes
 - Level 5.0 Translocations
 + Level 1.3 Air Magic


You had 8 spell levels left.
You knew the following spells:

 Your Spells              Type           Power      Damage    Failure   Level
a - Magic Dart            Conj           100%       1d8       1%          1
b - Searing Ray           Conj           100%       2d8       1%          2
c - Iskenderun's Mystic   Conj/Tloc      40%        2d9       4%          4
d - Fulminant Prism       Conj/Hex       16%        3d11      8%          4

Your spell library contained the following spells:

 Spells                   Type           Power      Damage    Failure   Level
 Scorch                   Fire           10%        2d5       14%         2
 Shock                    Conj/Air       100%       1d9       1%          1
 Dazzling Flash           Conj/Hex       66%        N/A       2%          3
 Slow                     Hex            56%        N/A       4%          1
 Vhi's Electric Charge    Tloc/Air       40%        N/A       8%          3
 Summon Small Mammal      Summ           20%        N/A       10%         1
 Confusing Touch          Hex            14%        N/A       12%         3
 Sticky Flame             Conj/Fire      28%        2d5       12%         4
 Swiftness                Air            12%        N/A       16%         3
 Summon Guardian Golem    Hex/Summ       10%        N/A       19%         3
 Arcjolt                  Conj/Air       15%        1d25      26%         5
 Call Canine Familiar     Summ           5%         N/A       28%         3
 Ignite Poison            Fire/Tmut/Pois 5%         N/A       28%         3
 Vampiric Draining        Necr           5%         2d6       28%         3
 Airstrike                Air            6%         2d(1-17)  47%         4
 Plasma Beam              Fire/Air       4%         2x1d15    100%        6
 Ignition                 Fire           2%         3d3       100%        8


Dungeon Overview and Level Annotations

Branches:
Dungeon (9/15)             Temple (1/1) D:5             Orc (0/2) D:9
   Lair: D:8-11

Altars:
Ashenzari
Cheibriados
Fedhas
Hepliaklqana
Kikubaaqudgha
Nemelex Xobeh
Qazlal
Ru
Sif Muna
Trog
Uskayaw
Vehumet
Wu Jian
Xom
Yredelemnul
Zin
The Shining One

Shops:
D:2 !(=*=   D:4 (

Annotations:
D:9 1 runed translucent door, Erica; P0WERM0DE's ghost, novice MeMo


Innate Abilities, Weirdness & Mutations

You have a beak for a mouth.
You have claws for feet.
Your magical nature lets you fly swiftly and evasively.


Message History

The searing ray hits something.
The searing ray hits something.
You finish channelling your searing ray.
Casting: Searing Ray (safe; 1% risk of failure)
Confirm with . or Enter, or press ? or * to list all spells.
You can't see any susceptible monsters within range! (Use Z to cast anyway.)
Casting: Searing Ray (safe; 1% risk of failure)
Confirm with . or Enter, or press ? or * to list all spells.
Aiming: Fulminant Prism (dangerous; 8% risk of failure)
Press: ? - help, Dir - move target You conjure a prism of explosive energy!
A fulminant prism comes into view.
You hear some strange, mumbled words.
A lance of force appears from out of thin air!
The lance of force hits you!
You are knocked back by the lance of force.
You slam into the rock wall!
Casting: Fulminant Prism (dangerous; 8% risk of failure)
Confirm with . or Enter, or press ? or * to list all spells.
You can't see any susceptible monsters within range! (Use Z to cast anyway.)
Casting: Fulminant Prism (dangerous; 8% risk of failure)
Confirm with . or Enter, or press ? or * to list all spells.
Okay, then.
Casting: Fulminant Prism (dangerous; 8% risk of failure)
Confirm with . or Enter, or press ? or * to list all spells.
Aiming: Searing Ray (safe; 1% risk of failure)
Press: ? - help, Shift-Dir - straight line (Press . to maintain the ray.)
Something hits you.
Your fulminant prism crackles loudly.
You miss something. You claw something. Your peck misses something.
Something hits you. Something burns you.
Your fulminant prism explodes!
The blast of energy engulfs something!
You closely miss something.
You hear some strange, mumbled words.
A bolt of poison appears from out of thin air!
The bolt of poison hits you!!!
You are poisoned.
Ouch! That really hurt!
You die...

# ######### ########### . #
#.......# #.........### ..
####.......# #.........+.#...
#..........#######.........#.'...
'.##.............#.........###...
####.......#####@{.........# .. #
####.#### ###....[....# # # #^.#
#.....)...# # ##.## #.........#
#..# ##..####### #########.##
###.##### .##.<......# #.).....#
#### .##⌠.⌠.....#######.......#
#...
.#.._......##....'.......#####...
.#.⌠.⌠........####.......'..##...
...........#### #.......##..#...


There were no monsters in sight!

Vanquished Creatures
  Pikel (D:8)
  Psyche (D:8)
  A troll (D:9)
  A wyvern (D:9)
  A wraith (D:8)
  A steam dragon (D:8)
  4 vampire mosquitoes (D:8)
  3 wargs (D:9)
  An acid dragon (D:9)
  2 water moccasins
  A black bear (D:5)
  3 orc warriors
  2 sky beasts
  An ice beast (D:7)
  3 ogres
  A phantom (D:6)
  4 lemures (D:8)
  A kobold brigand (D:7)
  3 bullfrogs
  3 scorpions
  A gnoll sergeant (D:9)
  2 electric eels (D:6)
  A lava snake (D:8)
  A hound (D:6)
  2 jellies
  An iron imp (D:7)
  3 orc priests
  2 iguanas (D:7)
  7 orc wizards
  3 sleepcaps
  4 adders
  5 gnolls (D:9)
  An ufetubus (D:5)
  4 worms
  4 dart slugs
  25 orcs
  8 ball pythons
  A bat zombie (D:5)
  7 endoplasms
  2 giant cockroaches
  5 goblins
  9 hobgoblins
  4 quokkas (D:2)
  5 bats
  4 frilled lizards
  14 kobolds
  5 rats
168 creatures vanquished.

Vanquished Creatures (others)
  A wizard (D:3)
  5 fulminant prisms (D:9)
6 creatures vanquished.

Grand Total: 174 creatures vanquished

Notes
Turn   | Place    | Note
-------+----------+-------------------------------------------
     0 | D:1      | ifreund the Tengu Conjurer began the quest for the Orb.
     0 | D:1      | Reached XP level 1. HP: 10/10 MP: 4/4
   319 | D:1      | Reached XP level 2. HP: 15/15 MP: 3/6
   399 | D:1      | Learned a level 2 spell: Searing Ray
  1207 | D:2      | Found Puadiaby's Weapon Shoppe.
  1216 | D:2      | Reached XP level 3. HP: 19/19 MP: 2/8
  1383 | D:2      | Found Qeckur's General Store.
  1389 | D:2      | Found Yboni's Jewellery Shoppe.
  1393 | D:2      | Bought a scroll of identify for 20 gold pieces
  1540 | D:2      | Identified a scroll of acquirement
  1581 | D:2      | Reached skill level 6 in Conjurations
  1770 | D:2      | Found Hihirila's Distillery.
  1773 | D:2      | Found Ojar's Jewellery Shoppe.
  2294 | D:2      | Reached XP level 4. HP: 24/24 MP: 7/9
  2758 | D:3      | Found a bloodstained altar of Trog.
  2785 | D:3      | Noticed a wizard
  2787 | D:3      | Killed a wizard
  2923 | D:3      | Noticed an angel
  2924 | D:3      | Found a glowing silver altar of Zin.
  3340 | D:3      | Gained mutation: Your magical nature lets you fly swiftly
                  | and evasively. [Tengu growth]
  3340 | D:3      | Reached XP level 5. HP: 28/28 MP: 4/11
  3885 | D:4      | Found a hazy altar of Hepliaklqana.
  3902 | D:4      | Reached skill level 7 in Conjurations
  4065 | D:4      | Found a shimmering altar of Xom.
  4098 | D:4      | Reached skill level 8 in Conjurations
  4098 | D:4      | Reached XP level 6. HP: 33/33 MP: 2/13
  4210 | D:4      | Reached skill level 1 in Fighting
  4414 | D:4      | Found Zolezuna's Weapon Shoppe.
  4427 | D:4      | Noticed a sky beast
  4439 | D:5      | Entered Level 5 of the Dungeon
  4447 | D:5      | Found a staircase to the Ecumenical Temple.
  4458 | Temple   | Entered the Ecumenical Temple
  4471 | Temple   | Became a worshipper of Vehumet
  4822 | D:5      | Found an ancient bone altar of Kikubaaqudgha.
  5074 | D:4      | Noticed a black bear
  5131 | D:5      | Killed a black bear
  5132 | D:5      | Reached XP level 7. HP: 43/43 MP: 5/14
  5386 | D:6      | Learned a level 4 spell: Iskenderun's Mystic Blast
  5391 | D:6      | Learned a level 4 spell: Fulminant Prism
  5545 | D:6      | Reached skill level 5 in Fighting
  5545 | D:6      | Reached skill level 1 in Translocations
  5781 | D:6      | Reached XP level 8. HP: 49/49 MP: 10/15
  6259 | D:6      | You are sucked into a shaft and drop 2 floors!
  6311 | D:8      | Reached skill level 9 in Conjurations
  6685 | D:7      | Reached * piety under Vehumet
  6685 | D:7      | Offered knowledge of Shock by Vehumet.
  6687 | D:7      | Reached skill level 10 in Conjurations
  6961 | D:7      | Found a snail-covered altar of Cheibriados.
  7042 | D:7      | Found a blossoming altar of Fedhas.
  7164 | D:7      | Reached XP level 9. HP: 54/54 MP: 10/17
  7720 | D:6      | Reached skill level 5 in Spellcasting
  7934 | D:8      | Noticed Psyche
  8224 | D:8      | Reached skill level 5 in Translocations
  8583 | D:8      | Noticed Pikel
  8644 | D:8      | Found a hide-covered altar of Uskayaw.
  8731 | D:8      | Killed Pikel
  9008 | D:8      | Found an ornate altar of the Wu Jian Council.
  9078 | D:8      | Killed Psyche
  9237 | D:8      | Reached skill level 1 in Hexes
  9358 | D:8      | Found a sacrificial altar of Ru.
  9505 | D:8      | Reached XP level 10. HP: 21/61 MP: 1/18
 10114 | D:9      | Found a sparkling altar of Nemelex Xobeh.
 10151 | D:9      | Found a runed translucent door.
 10152 | D:9      | Noticed P0WERM0DE's ghost (novice MeMo)
 10210 | D:9      | Found a staircase to the Orcish Mines.
 10628 | D:9      | Reached ** piety under Vehumet
 10698 | D:9      | Offered knowledge of Scorch by Vehumet.
 11182 | D:9      | Reached skill level 1 in Air Magic
 11261 | D:9      | Noticed Erica
 11374 | D:9      | Killed from afar by Erica

Illustrated notes

Levels and vault maps discovered:
D:1:      grunt_arrival_crossed_arrows, layout_loops_corners
D:2:      minmay_wonky_spiral, layout_loops_ring, serial_shops,
          nicolae_shop_just_a_little_nook, shop, shop,
          nicolae_shop_industrial_runoff, shop, minmay_tromino_v4_a
D:3:      layout_loops_cross, trog_wizard, zin_angel
D:4:      layout_basic, nicolae_overflow_crystal_walls, lemuel_tele_altar,
          serial_shops, kennysheep_mini
D:5:      layout_cave_pools, lemuel_zombie_altar_kikubaaqudgha,
          minmay_temple_entry_glassed_door
D:6:      nicolae_cairo_tiling_very_big, layout_cave_pods, serial_bayou,
          serial_bayou_ford_a, serial_bayou_pond_a, serial_bayou_pond_e,
          serial_bayou_pond_e
D:7:      layout_basic, lemuel_round_altar, slow_altar_1,
          chequers_serial_rivers_micro_e, nrook_loot_triangle,
          kennysheep_cross_bottleneck
D:8:      layout_gridville, nicolae_ru_path_of_blood,
          mainiacjoe_overflow_boulevard, amcnicky_altar_gilded,
          skrybe_limestone_x, grunt_decor_fettered, kennysheep_diamond,
          uniq_pikel, uniq_psyche
D:9:      layout_roguey, nemelex_xobeh_ov_fountains_minmay, david_orc_1_choice,
          hellmonk_ghost_happy_afterlife, uniq_erica
Temple:   chequers_temple_sunken

Skill      XL: |  1  2  3  4  5  6  7  8  9 10 |
---------------+-------------------------------+-----
Spellcasting   | 3 4 5 |  5.0
Conjurations   | 6 8 10 | 10.0
Fighting       | 4 5 6 8 |  8.0
Translocations | 2 4 5 |  5.0
Dodging        | 6 8 |  8.0
Hexes          | 2 |  2.0
Air Magic      | 1 |  1.3
Stealth        | |  2.0

Action                     |  1- 3 |  4- 6 |  7- 9 | 10-12 || total
---------------------------+-------+-------+-------+-------++-------
  Melee: Short sword       |       |       |     5 |     3 ||     8
         Kick              |       |       |       |     1 ||     1
  Throw: Dart              |       |       |     1 |       ||     1
   Cast: Magic Dart        |    74 |    90 |    68 |    23 ||   255
         Searing Ray       |     2 |    15 |    45 |    27 ||    89
         Iskenderun's Myst |       |       |     4 |     1 ||     5
         Fulminant Prism   |       |       |       |     5 ||     5
    Use: Scroll            |     3 |     5 |     2 |     2 ||    12
         Potion            |       |       |     1 |       ||     1
 Armour: Robe              |     1 |     4 |     1 |     4 ||    10
         Steam dragon scal |       |       |     3 |       ||     3
  Dodge: Dodged            |     6 |    28 |    96 |    47 ||   177
